 Dungeon Sprint DCSS version 0.23.0-33-g5e6c059 (webtiles) character file.

Game seed: 15932569531003962491

43708 nuthulu the Warrior (level 13, -5/139 HPs)
             Began as a Minotaur Fighter on Feb 26, 2019.
             Was the Champion of Okawaru.
             Slain by an alligator snapping turtle (7 damage)
             ... in the Dungeon (Sprint VII: "The Pits").
             The game lasted 00:10:59 (3797 turns).

nuthulu the Warrior (Minotaur Fighter)              Turns: 3797, Time: 00:11:00

Health: -5/139     AC: 39    Str: 23    XL:     13   Next: 92%
Magic:  22/24      EV: 10    Int:  5    God:    Okawaru [******]
Gold:   12         SH: 19    Dex: 19    Spells: 12/12 levels left

rFire    + . .     SeeInvis .   l - +9 broad axe of Weih {chop, rPois Str-5 Dex+5}
rCold    + . .     Gourm    .   c - +1 shield
rNeg     . . .     Faith    .   b - +2 gold dragon scales
rPois    +         Spirit   .   p - +2 hat
rElec    .         Reflect  .   F - +2 cloak
rCorr    .         Harm     .   D - +1 pair of gloves
MR       .....     NoTele   +   x - +1 pair of boots {Stlth+}
Stlth    ..........             (no amulet)
HPRegen  0.33/turn              r - +3 ring of dexterity
MPRegen  0.19/turn              s - +3 ring of strength

@: heroism, finesse
A: retaliatory headbutt, horns 2
a: Heroism, Finesse, Renounce Religion


You were in the Dungeon.
You worshipped Okawaru.
Okawaru was exalted by your worship.
You were not hungry.

You visited 1 branch You collected 12 gold pieces.

Inventory:

Hand Weapons
 a - a +0 war axe
 l - the +9 broad axe of Weih (weapon) {chop, rPois Str-5 Dex+5}
   (Okawaru gifted it to you in the Dungeon)

   It inflicts extra damage upon your enemies.
   It affects your strength (-5).
   It affects your dexterity (+5).
   It protects you from poison.
 t - a +1 broad axe of chopping
Armour
 b - +2 gold dragon scales (worn)
 c - a +1 shield (worn)
 p - a +2 hat (worn)
 q - a +6 plate armour
 x - a +1 pair of boots of stealth (worn)
 D - a +1 pair of gloves (worn)
 F - a +2 cloak (worn)
Jewellery
 r - a +3 ring of dexterity (left hand)
 s - a +3 ring of strength (right hand)
 z - an uncursed ring of ice
 A - an uncursed ring of fire
 B - an uncursed ring of fire
 C - an uncursed ring of ice
Scrolls
 k - 2 scrolls of blinking
 n - 5 scrolls of remove curse
 o - 5 scrolls of amnesia
 w - 3 scrolls of identify
 y - 3 scrolls of fog
Potions
 d - 2 potions of might
 e - 6 potions of curing
 g - 3 potions of heal wounds
 h - a potion of haste
 i - 3 potions of magic
 j - 6 potions of berserk rage
 m - a potion of invisibility
 u - 2 potions of brilliance
 v - 3 potions of agility
Comestibles
 f - 10 rations


   Skills:
 + Level 19.8(24.8) Fighting
 + Level 19.6(24.6) Axes
 + Level 19.8(24.8) Armour
 + Level 19.8(24.8) Shields
 + Level 16.4 Invocations


You had 12 spell levels left.
You didn't know any spells.
Your spell library was empty.

Dungeon Overview and Level Annotations

Branches:
Dungeon (1/1)

Altars:
Ashenzari
Cheibriados
Dithmenos
Elyvilon
Fedhas
Gozag
Hepliaklqana
Kikubaaqudgha
Makhleb
Nemelex Xobeh
Okawaru
Qazlal
Ru
Sif Muna
Trog
Uskayaw
Vehumet
Wu Jian
Xom
Yredelemnul
Zin
The Shining One
Beogh
Jiyva
Lugonu


Innate Abilities, Weirdness & Mutations

You reflexively headbutt those who attack you in melee.
You have a pair of horns on your head.


Message History

Your headbutt misses the merfolk impaler.
The merfolk impaler is severely wounded.
You slash the alligator snapping turtle!
You block the alligator snapping turtle's attack.
Unknown command.
You slice the merfolk impaler!!
You kill the merfolk impaler!
Okawaru accepts your kill.
You hit the alligator snapping turtle but do no damage.
The alligator snapping turtle bites you!!
* * * LOW HITPOINT WARNING * * *
Unknown command.
You slash the alligator snapping turtle!
You kill the alligator snapping turtle!
Okawaru accepts your kill.
Unknown command.
A molten gargoyle comes into view. It is wielding a +0 mace.
An ice devil comes into view.
The alligator snapping turtle bites you from afar!
You die...

....... #........ +..#....#
+........ #........
#######################..#....#
#....................''........
#............)@......''........
#..###########)####..##..#....#
#..# #9#t# #..##........ #..#
#4#)#$##..##........ #..#
#.#t#)#$#..####''#### #..# #.#m#
#.##..####''#### #..# #.#m#
#l#..##..))..##
#..################..##.#)##.##
###....................##.#|:'.##


You could see an alligator snapping turtle, an ice devil and a molten gargoyle.

Vanquished Creatures
  Frances (D)
  Ilsuiw (D)
  A nagaraja (D)
  A frost giant (D)
  2 orc warlords (D)
  A draconian annihilator (D)
  A vampire knight (D)
  3 merfolk impalers (D)
  A mummy priest (D)
  A deep elf high priest (D)
  3 vault guards (D)
  2 hydras (D)
  3 naga warriors (D)
  An alligator snapping turtle (D)
  A catoblepas (D)
  A death knight (D)
  A centaur warrior (D)
  An anaconda (D)
  2 two-headed ogres (D)
  A death yak (D)
  2 deep elf knights (D)
  An unseen horror (D)
  A deep troll (D)
  A wizard (D)
  A necromancer (D)
  A phantasmal warrior (D)
  A deep elf mage (D)
  A cyclops (D)
  12 orc knights (D)
  2 elephants (D)
  A naga mage (D)
  A smoke demon (D)
  A spiny frog (D)
  An efreet (D)
  2 ice devils (D)
  A merfolk (D)
  2 hornets (D)
  2 tyrant leeches (D)
  9 dream sheep (D)
  3 hippogriffs (D)
  A shadow (D)
  2 spriggans (D)
  5 redbacks (D)
  2 fire elementals (D)
  A small abomination (D)
  A tarantella (D)
  A neqoxec (D)
  2 basilisks (D)
  A chaos spawn (D)
  4 vampire mosquitoes (D)
  A golden eye (D)
  3 soldier ants (D)
  2 nagas (D)
  A floating eye (D)
  A porcupine (D)
  2 orc warriors (D)
  An eye of draining (D)
  A black bear (D)
  A phantom (D)
  A necrophage (D)
  A wolf (D)
  2 ogres (D)
  A crimson imp (D)
  A quasit (D)
  A hound (D)
  An orc wizard (D)
  A hell rat (D)
  An iguana (D)
  A mummy (D)
  2 gnolls (D)
  2 white imps (D)
  An ufetubus (D)
  2 adder skeletons (D)
  2 adder zombies (D)
  2 worms (D)
  An adder simulacrum (D)
  A leopard gecko (D)
  5 orcs (D)
  A bat (D)
  A bat zombie (D)
  2 giant cockroaches (D)
  A goblin (D)
  2 hobgoblins (D)
  2 quokkas (D)
  A frilled lizard (D)
  A giant cockroach simulacrum (D)
  A kobold (D)
  A leopard gecko zombie (D)
  2 rats (D)
  A crawling corpse (D)
153 creatures vanquished.

Notes
Turn   | Place    | Note
-------+----------+-------------------------------------------
     0 | D        | nuthulu the Minotaur Fighter began the quest for the Orb.
     0 | D        | Reached XP level 1. HP: 19/19 MP: 0/0
    12 | D        | Reached XP level 2. HP: 23/28 MP: 1/1
    90 | D        | Found a glowing golden altar of the Shining One.
    90 | D        | Found a glowing silver altar of Zin.
    90 | D        | Found a basalt altar of Yredelemnul.
    90 | D        | Found a shimmering altar of Xom.
    90 | D        | Found an ornate altar of the Wu Jian Council.
    90 | D        | Found a bloodstained altar of Trog.
    90 | D        | Found a deep blue altar of Sif Muna.
    90 | D        | Found a sacrificial altar of Ru.
    90 | D        | Found a stormy altar of Qazlal.
    90 | D        | Found an iron altar of Okawaru.
    90 | D        | Found a sparkling altar of Nemelex Xobeh.
    90 | D        | Found a burning altar of Makhleb.
    90 | D        | Found a viscous altar of Jiyva.
    90 | D        | Found a hazy altar of Hepliaklqana.
    90 | D        | Found an opulent altar of Gozag.
    90 | D        | Found a blossoming altar of Fedhas.
    90 | D        | Found a white marble altar of Elyvilon.
    90 | D        | Found a shadowy altar of Dithmenos.
    90 | D        | Found a snail-covered altar of Cheibriados.
    91 | D        | Found a radiant altar of Vehumet.
    91 | D        | Found a corrupted altar of Lugonu.
    91 | D        | Found a roughly hewn altar of Beogh.
    92 | D        | Found a hide-covered altar of Uskayaw.
    92 | D        | Found an ancient bone altar of Kikubaaqudgha.
    92 | D        | Found a shattered altar of Ashenzari.
    96 | D        | Became a worshipper of Warmaster Okawaru
   142 | D        | Noticed a floating eye
   144 | D        | Killed a floating eye
   144 | D        | Reached * piety under Okawaru
   144 | D        | Reached XP level 3. HP: 38/38 MP: 2/2
   144 | D        | Reached XP level 4. HP: 45/45 MP: 3/3
   262 | D        | Noticed a black bear
   295 | D        | Killed a black bear
   295 | D        | Reached XP level 5. HP: 46/53 MP: 1/6
   370 | D        | Noticed a hippogriff
   374 | D        | Killed a hippogriff
   374 | D        | Reached ** piety under Okawaru
   374 | D        | Reached XP level 6. HP: 51/62 MP: 6/8
   435 | D        | Reached skill level 5 in Invocations
   515 | D        | Reached XP level 7. HP: 66/70 MP: 9/9
   610 | D        | Noticed a hippogriff
   610 | D        | Noticed a smoke demon
   617 | D        | Killed a hippogriff
   617 | D        | Reached *** piety under Okawaru
   617 | D        | Reached skill level 10 in Fighting
   617 | D        | Reached skill level 10 in Armour
   617 | D        | Reached skill level 10 in Shields
   623 | D        | Killed a smoke demon
   623 | D        | Reached skill level 10 in Axes
   623 | D        | Reached XP level 8. HP: 56/80 MP: 8/11
   806 | D        | Noticed a dream sheep
   806 | D        | Noticed a dream sheep
   806 | D        | Noticed a dream sheep
   806 | D        | Noticed a dream sheep
   818 | D        | Killed a dream sheep
   818 | D        | Reached **** piety under Okawaru
   828 | D        | Killed a dream sheep
   838 | D        | Killed a dream sheep
   839 | D        | Killed a dream sheep
   841 | D        | Noticed a tyrant leech
   855 | D        | Noticed a hippogriff
   870 | D        | Killed a hippogriff
   870 | D        | Reached ***** piety under Okawaru
   870 | D        | Reached XP level 9. HP: 8/90 MP: 11/14
   873 | D        | Killed a tyrant leech
  1218 | D        | Noticed a phantasmal warrior
  1225 | D        | Received a gift from Okawaru
  1234 | D        | Killed a phantasmal warrior
  1240 | D        | Got a crude broad axe {god gift}
  1288 | D        | Identified the +9 broad axe of Weih {chop, rPois Str-5
                  | Dex+5} (Okawaru gifted it to you in the Dungeon)
  1473 | D        | Noticed a two-headed ogre
  1475 | D        | Reached XP level 10. HP: 88/101 MP: 16/16
  1480 | D        | Killed a two-headed ogre
  1480 | D        | Reached skill level 10 in Invocations
  1483 | D        | Noticed a cyclops
  1498 | D        | Killed a cyclops
  1559 | D        | Noticed an orc knight
  1559 | D        | Noticed a five-headed hydra
  1559 | D        | Noticed a spiny frog
  1562 | D        | Noticed an elephant
  1580 | D        | Killed a spiny frog
  1587 | D        | Killed an 11-headed hydra
  1587 | D        | Received a gift from Okawaru
  1589 | D        | Killed an orc knight
  1605 | D        | Noticed a two-headed ogre
  1833 | D        | Noticed a deep troll
  1839 | D        | Killed a deep troll
  1849 | D        | Killed a two-headed ogre
  1849 | D        | Received a gift from Okawaru
  1849 | D        | Reached XP level 11. HP: 62/111 MP: 18/18
  1898 | D        | Reached skill level 15 in Shields
  1901 | D        | Reached skill level 15 in Fighting
  1901 | D        | Reached skill level 15 in Armour
  1917 | D        | Noticed a death yak
  1927 | D        | Killed an unseen horror
  1929 | D        | Killed a death yak
  1929 | D        | Reached skill level 15 in Axes
  2242 | D        | Noticed an orc knight
  2259 | D        | Killed an orc knight
  2259 | D        | Reached ****** piety under Okawaru
  2285 | D        | Noticed a spriggan rider
  2416 | D        | Noticed a seven-headed hydra
  2421 | D        | Killed a nine-headed hydra
  2479 | D        | Noticed an anaconda
  2494 | D        | Received a gift from Okawaru
  2497 | D        | Killed an anaconda
  2637 | D        | Noticed a centaur warrior
  2637 | D        | Noticed an orc knight
  2637 | D        | Noticed an orc knight
  2637 | D        | Noticed an orc knight
  2637 | D        | Noticed an orc knight
  2637 | D        | Noticed an orc knight
  2637 | D        | Noticed an orc knight
  2637 | D        | Noticed an orc warlord
  2638 | D        | Noticed an orc warlord
  2638 | D        | Noticed an orc knight
  2649 | D        | Killed a centaur warrior
  2649 | D        | Reached XP level 12. HP: 94/122 MP: 12/20
  2658 | D        | Killed an orc warlord
  2666 | D        | Noticed a catoblepas
  2669 | D        | Killed a catoblepas
  2675 | D        | Received a gift from Okawaru
  2677 | D        | Killed an orc warlord
  2678 | D        | HP: 2/125 [orc knight/+0 glaive (40)]
  3008 | D        | Noticed a naga warrior
  3009 | D        | Noticed a vault guard
  3010 | D        | Noticed a frost giant
  3016 | D        | Noticed a vault guard
  3026 | D        | Killed a frost giant
  3032 | D        | Killed a vault guard
  3034 | D        | Killed a vault guard
  3034 | D        | Received a gift from Okawaru
  3036 | D        | Killed a naga warrior
  3256 | D        | Noticed a naga warrior
  3257 | D        | Noticed a vault guard
  3262 | D        | Reached XP level 13. HP: 132/134 MP: 14/23
  3286 | D        | Reached skill level 15 in Invocations
  3414 | D        | Noticed a nagaraja
  3416 | D        | Identified the +7 great mace "Damoliyc" {drain, Str+3
                  | Stlth+}
  3416 | D        | Identified the ring of Viewn {Ice rPois Dex+2 Stlth+}
  3416 | D        | Noticed a vampire knight
  3417 | D        | Noticed a mummy priest
  3422 | D        | Killed a nagaraja
  3425 | D        | Killed a vampire knight
  3433 | D        | Received a gift from Okawaru
  3434 | D        | Killed a mummy priest
  3715 | D        | Noticed a purple draconian annihilator
  3722 | D        | Killed a purple draconian annihilator
  3723 | D        | Noticed Frances
  3723 | D        | Noticed a merfolk javelineer
  3724 | D        | Identified the ring of Byduth {Ice *Drain rPois Str+3
                  | Stlth+}
  3724 | D        | Noticed Ilsuiw
  3728 | D        | Killed Frances
  3733 | D        | Identified the amulet "Eseschu" {Acrobat Dex+5 Slay+3}
  3733 | D        | Noticed a merfolk impaler
  3741 | D        | Received a gift from Okawaru
  3742 | D        | Killed a merfolk impaler
  3760 | D        | Noticed a merfolk impaler
  3767 | D        | Killed a merfolk impaler
  3770 | D        | Killed Ilsuiw
  3779 | D        | Noticed a merfolk impaler
  3795 | D        | Killed a merfolk impaler
  3795 | D        | HP: 2/139 [alligator snapping turtle (22)]
  3797 | D        | Slain by an alligator snapping turtle

Skill      XL: |  1  2  3  4  5  6  7  8  9 10 11 12 13 |
---------------+----------------------------------------+-----
Fighting       | 4 6 7 8 9 10 11 13 14 16 18 19 | 19.8
Axes           | 3 6 7 8 10 11 12 14 16 17 19 | 19.6
Armour         | 4 6 7 8 9 10 11 13 14 16 18 19 | 19.8
Shields        | 4 6 7 8 9 10 11 13 14 16 18 19 | 19.8
Invocations    | 2 4 5 6 8 9 11 13 14 16 | 16.4

Action                   |  1- 3 |  4- 6 |  7- 9 | 10-12 | 13-15 || total
-------------------------+-------+-------+-------+-------+-------++-------
Melee: War axe           |     7 |    48 |     4 |       |       ||    59
       Headbutt          |     1 |     6 |    20 |    54 |    33 ||   114
       Broad axe         |       |       |    70 |   189 |   104 ||   363
Invok: Heroism           |       |     1 |     3 |     5 |     1 ||    10
       Finesse           |       |       |       |     4 |     1 ||     5
  Use: Potion            |       |       |     5 |     8 |     3 ||    16
       Scroll            |       |       |       |     7 |       ||     7
 Stab: Invisible         |       |       |       |     2 |       ||     2
       Distracted        |       |       |       |       |     1 ||     1
  Eat: Ration            |       |       |     1 |     1 |     1 ||     3
       Chunk             |       |       |       |     1 |       ||     1
Armor: Scale mail        |     3 |     4 |       |       |       ||     7
       Plate armour      |       |    16 |    25 |    95 |     4 ||   140
       Gold dragon scale |       |       |       |       |    21 ||    21
Dodge: Dodged            |     1 |    17 |    14 |    58 |    12 ||   102
Block: Shield            |     3 |    24 |    45 |   150 |    48 ||   270
